 Dungeon Crawl Stone Soup version 0.31-a0-626-g8143ab4f1d (webtiles) character file.

Game seed: 16133006021613322855

1436 thirtiethelement the Ruffian (level 8, -1/84 HPs)
             Began as a Demonspawn Shapeshifter on Aug 25, 2023.
             Was a Priest of Uskayaw.
             Killed from afar by a steam dragon (13 damage)
             ... with a ball of steam
             ... on level 7 of the Dungeon.
             The game lasted 00:19:24 (6213 turns).

thirtiethelement the Ruffian (DsSh)                 Turns: 6213, Time: 00:19:25

Health: -1/84      AC: 24    Str: 18    XL:     8   Next: 45%
Magic:  2/8        EV:  2    Int: 10    God:    Uskayaw [***...]
Gold:   298        SH:  0    Dex: 13    Spells: 7/7 levels left

rFire   . .          .
                       - Unarmed
rCold   . . .        (no shield)
rNeg    . . .        y - melded +2 robe {rF+}
rPois   +            i - melded +0 hat
rElec   .            n - melded scarf {repulsion}
rCorr   .            m - melded +0 pair of gloves
SInv    .            (boots currently unavailable)
Will    .....        (no amulet)
Stlth   ++           (no ring)
HPRegen 0.34/turn    (no ring)
MPRegen 0.11/turn

%: no passive effects
@: tree-form
A: stationary, stasis, torment immunity, boosted hp, foul stench 1, powered by
death 2, (weakness stinger 1)
a: Renounce Religion, Stomp, Line Pass


You were on level 7 of the Dungeon.
You worshipped Uskayaw.
Uskayaw was noncommittal.
You were a tree.
You visited 1 branch of the dungeon, and saw 7 of its levels.

You collected 298 gold pieces.

Inventory:

Hand Weapons
 a - a +0 shortbow
Missiles
 f - 6 darts of dispersal
 g - 13 poisoned darts (quivered)
 p - 3 curare-tipped darts
 v - 2 datura-tipped darts
Armour
 i - a +0 hat (melded)
 m - a +0 pair of gloves (melded)
 n - a scarf of repulsion (melded)
 q - a +0 cloak
 y - a +2 robe of fire resistance (melded)
Jewellery
 H - an amulet of faith
Talismans
 c - a beast talisman
 d - a flux talisman
 A - a serpent talisman
 B - a blade talisman
Wands
 x - a wand of flame (26)
 J - a wand of digging (8)
 K - a wand of charming (6)
Scrolls
 h - a scroll of amnesia {unknown}
 j - 2 scrolls of fog {unknown}
 l - 2 scrolls of enchant weapon
 r - a scroll of brand weapon {unknown}
 t - 4 scrolls of teleportation
 F - a scroll of noise {unknown}
 G - 2 scrolls of blinking {unknown}
 I - a scroll of identify
Potions
 b - 2 potions of lignification
 e - a potion of mutation {unknown}
 k - a potion of degeneration {unknown}
 o - 2 potions of enlightenment {unknown}
 s - a potion of curing
 u - a potion of heal wounds {unknown}
 w - 2 potions of attraction
 z - a potion of haste
 C - a potion of invisibility {unknown}
 D - 2 potions of might
 E - a potion of brilliance {unknown}


   Skills:
 + Level 2.0 Fighting
 + Level 1.4 Ranged Weapons
 + Level 3.3 Throwing
 + Level 1.5 Armour
 + Level 4.1 Dodging
 + Level 2.4 Stealth
 + Level 6.0 Unarmed Combat
 * Level 4.6 Shapeshifting


You had 7 spell levels left.
You didn't know any spells.
Your spell library contained the following spells:

 Spells                   Type           Power      Damage    Failure   Level
 Blink                    Tloc           0%         N/A       50%         2
 Lesser Beckoning         Tloc           0%         N/A       50%         2
 Momentum Strike          Conj/Tloc      0%         3d8       50%         2
 Volatile Blastmotes      Fire/Tloc      0%         2d10      75%         3
 Fulminant Prism          Conj/Hex       0%         3d5       98%         4
 Iskenderun's Mystic Bla  Conj/Tloc      0%         2d3       98%         4


Dungeon Overview and Level Annotations

Branches:
Dungeon (7/15)
 Temple: D:4-7

Altars:
Uskayaw

Shops:
D:3 :

Annotations:
D:7 Duvessa


Innate Abilities, Weirdness & Mutations

You are a tree.
Your roots penetrate the ground, keeping you stationary.
You cannot be teleported.
You are immune to unholy pain and torment.
Your maximum health is greatly increased.
Your equipment is partially melded.
You may rarely emit foul miasma when damaged in melee.
You regenerate health from kills.
((You have a small tail.))


Message History

Duvessa shouts!
You smack the orc priest!
You kill the orc priest!
You feel sick. The orc hits you but does no damage.
Something hits you but does no damage.
The steam dragon bites you but does no damage.
The steam dragon claws you.
* * * LOW HITPOINT WARNING * * *
Uskayaw will force your foes to helplessly watch your dance.
Uskayaw prepares the audience for your solo!
Your Dodging skill increases to level 4!
The helpless steam dragon fails to defend itself.
You smack the steam dragon!
The steam dragon is severely wounded.
You feel sick.
Duvessa is no longer paralysed.
The iguana is no longer paralysed.
The steam dragon is no longer paralysed.
Something hits you but does no damage.
The steam dragon bites you but does no damage.
The steam dragon claws you but does no damage.
The iguana bites you but does no damage.
You barely miss the steam dragon.
The steam dragon is severely wounded.
You feel sick. Something hits you but does no damage.
The steam dragon bites you but does no damage.
The steam dragon claws you.
* * * LOW HITPOINT WARNING * * *
The iguana completely misses you.
You feel better.
The orc is no longer paralysed.
The orc hits you with a +0 mace.
* * * LOW HITPOINT WARNING * * *
Something hits you but does no damage.
The steam dragon bites you but does no damage.
The steam dragon claws you but does no damage.
The iguana bites you but does no damage.
You feel better. The orc hits you but does no damage.
Something hits you but does no damage. The steam dragon breathes steam at you.
The ball of steam hits you!
You die...

##.... ##.... .#
## ###.).. .##.#.
.###.....# .....
.........# #...# .
.......<.##....#..
......##..#......#
#.... #..#{......
#... #..♣o.e....
#.. #.D#l...... ##
##.#......#
..........
..##....... .##
....... .. .......
[. ...#$..


You could see Duvessa, a steam dragon (catching breath), an iguana and an orc.

Vanquished Creatures
  Sigmund (D:2)
  Menkaure (D:5)
  A water moccasin (D:7)
  A black bear (D:5)
  An ogre (D:4)
  A centaur (D:6)
  A bullfrog (D:5)
  A jelly (D:4)
  A hound (D:6)
  Crazy Yiuf (D:3)
  A gnoll bouda (D:4)
  4 orc priests
  An iguana (D:5)
  Terence (D:3)
  2 sleepcaps
  Natasha (thrice) (D:3)
  3 orc wizards
  7 gnolls
  7 adders
  An ufetubus (D:5)
  A worm (D:3)
  2 dart slugs (D:1)
  17 orcs
  6 bats
  12 endoplasms
  3 giant cockroaches
  5 goblins
  3 hobgoblins
  6 jackals
  9 kobolds
  3 quokkas
  4 ball pythons
  5 frilled lizards
  4 rats
120 creatures vanquished.

Notes
Turn   | Place    | Note
-------+----------+-------------------------------------------
     0 | D:1      | thirtiethelement the Demonspawn Shapeshifter began the
                  | quest for the Orb.
     0 | D:1      | Reached XP level 1. HP: 15/15 MP: 1/1
   124 | D:1      | Gained mutation: You may rarely emit foul miasma when
                  | damaged in melee. [demonic ancestry]
   124 | D:1      | Reached XP level 2. HP: 21/21 MP: 2/2
   399 | D:1      | Reached skill level 3 in Unarmed Combat
   864 | D:1      | Found a faded altar of an unknown god.
   951 | D:2      | Gained mutation: You regenerate a little health from kills.
                  | [demonic ancestry]
   951 | D:2      | Reached XP level 3. HP: 26/26 MP: 3/3
  1495 | D:1      | Reached skill level 1 in Ranged Weapons
  1495 | D:1      | Reached XP level 4. HP: 22/32 MP: 4/4
  1569 | D:2      | Noticed Sigmund
  1577 | D:2      | Killed Sigmund
  1578 | D:2      | Reached skill level 1 in Armour
  1578 | D:2      | Reached skill level 4 in Unarmed Combat
  1578 | D:2      | Gained mutation: You have a small tail. [demonic ancestry]
  1578 | D:2      | Reached XP level 5. HP: 15/37 MP: 5/5
  2089 | D:3      | Found Doeqemu's Book Shop.
  2257 | D:3      | Reached skill level 1 in Throwing
  2292 | D:3      | Reached XP level 6. HP: 43/43 MP: 6/6
  2486 | D:3      | Noticed Natasha
  2496 | D:3      | Killed Natasha
  2506 | D:3      | Noticed Natasha
  2526 | D:3      | Killed Natasha
  2618 | D:3      | You fall into a shaft and drop 2 floors!
  2618 | D:5      | Entered Level 5 of the Dungeon
  2654 | D:5      | HP: 2/43 [black bear (2)]
  2851 | D:5      | Reached skill level 1 in Stealth
  2863 | D:5      | Noticed Menkaure
  2872 | D:5      | Killed Menkaure
  2873 | D:5      | Reached XP level 7. HP: 15/48 MP: 7/7
  3213 | D:4      | Noticed a +0 dagger
  3213 | D:4      | Noticed a +0 dagger
  3215 | D:4      | Found a hide-covered altar of Uskayaw.
  3227 | D:4      | Became a worshipper of Uskayaw the Reveller
  3252 | D:4      | Reached * piety under Uskayaw
  3258 | D:4      | Reached ** piety under Uskayaw
  3905 | D:3      | Noticed Natasha
  3914 | D:3      | Killed Natasha
  4099 | D:3      | Found a runed translucent door.
  4100 | D:3      | Noticed Crazy Yiuf
  4158 | D:3      | Noticed Terence
  4169 | D:3      | Killed Terence
  4170 | D:3      | Reached skill level 5 in Unarmed Combat
  4539 | D:3      | Killed Crazy Yiuf
  5041 | D:5      | Reached *** piety under Uskayaw
  5042 | D:5      | Gained mutation: You regenerate health from kills. [demonic
                  | ancestry]
  5042 | D:5      | Reached XP level 8. HP: 54/56 MP: 8/8
  6208 | D:7      | Noticed Duvessa
  6209 | D:7      | Reached skill level 6 in Unarmed Combat
  6213 | D:7      | Killed from afar by a steam dragon

Illustrated notes

Levels and vault maps discovered:
D:1:      wander_arrival_fairy_ring, layout_loops_ring,
          hellmonk_ecumenical_altar_inner_sanctum, roderic_lattice_a,
          minmay_liquid_box, moated_statue
D:2:      layout_loops_ring, grunt_ministairs_12, uniq_sigmund
D:3:      layout_loops_ring, serial_shops, nicolae_shop_crystal,
          uniq_crazy_yiuf_cottage, uniq_terence, uniq_natasha
D:4:      layout_rooms, dancing_weapons_uskayaw
D:5:      layout_basic, uniq_menkaure
D:6:      layout_gridville
D:7:      layout_cave_pools, kennysheep_orc_sif_temple,
          minmay_temple_entry_proselytizer, uniq_duvessa, uniq_joseph

Skill      XL: |  1  2  3  4  5  6  7  8 |
---------------+-------------------------+-----
Shapeshifting  | 3 4 |  4.6
Dodging        | 2 3 4 |  4.1
Unarmed Combat | 3 4 5 6 |  6.0
Ranged Weapons | 1 |  1.4
Armour         | 1 |  1.5
Throwing       | 1 2 3 |  3.3
Stealth        | 1 2 |  2.4
Fighting       | 2 |  2.0

Action                     |  1- 3 |  4- 6 |  7- 9 || total
---------------------------+-------+-------+-------++-------
  Melee: Unarmed           |   110 |    67 |   171 ||   348
         Punch             |       |     1 |     3 ||     4
         Tailslap          |       |     4 |    27 ||    31
   Fire: Sling             |    15 |       |       ||    15
         Shortbow          |       |       |     3 ||     3
  Throw: Dart              |     6 |    41 |    31 ||    78
 Invoke: Stomp             |       |       |     6 ||     6
         Line Pass         |       |       |     1 ||     1
    Use: Scroll            |       |       |     6 ||     6
         Potion            |       |       |     4 ||     4
   Stab: Sleeping          |       |     1 |     3 ||     4
         Distracted        |       |       |     1 ||     1
         Paralysed         |       |       |     1 ||     1
 Armour: Animal skin       |     3 |       |       ||     3
         Leather armour    |    20 |       |       ||    20
         Robe              |       |    12 |    26 ||    38
         Skin              |       |       |    56 ||    56
  Dodge: Dodged            |    61 |    50 |    93 ||   204
         Form:             |     3 |       |       ||     3
         Beast             |     3 |       |       ||     3

Table legend: (Time is in decaauts)
 A = Elapsed time spent in this place.
 B = Non-inter-level travel time spent in this place.
 C = Inter-level travel time spent in this place.
 D = Time resting spent in this place.
 E = Time spent auto-exploring this place.
 F = Levels seen in this place.
 G = Mean time per level.
                   A        B        C        D        E       F      G
               +--------+--------+--------+--------+--------+-----+--------+
         Total |   6206 |   6009 |    197 |    955 |   3575 |   7 |  886.6 |
       Dungeon |   6206 |   6009 |    197 |    955 |   3575 |   7 |  886.6 |
               +--------+--------+--------+--------+--------+-----+--------+

Top non-repeatable levels by time:
     D:5: 1304 daAuts
     D:3: 1278 daAuts
     D:2: 1061 daAuts
     D:1: 1021 daAuts
     D:6: 779 daAuts
     D:4: 745 daAuts
     D:7: 16 daAuts
